 Dungeon Crawl Stone Soup version 0.30.0-5-g1a98f26d00 (webtiles) character file.

Game seed: 16993554765488781823

102 Edyrem the Trooper (level 4, 0/39 HPs)
             Began as a Barachi Fighter on May 9, 2023.
             Killed from afar by an orc wizard (7 damage)
             ... with a magic dart
             ... on level 3 of the Dungeon.
             The game lasted 00:05:15 (1633 turns).

Edyrem the Trooper (Barachi Fighter)                Turns: 1633, Time: 00:05:16

Health: 0/39       AC:  9    Str: 21    XL:     4   Next: 78%
Magic:  4/4        EV:  9    Int:  8    God:
Gold:   140        SH:  0    Dex: 15    Spells: 3/3 levels left

rFire   + + .        p - +1 great sword of Itauchek {pain, Contam rF++ Str+2 Dex+3}
rCold   + . .        (shield currently unavailable)
rNeg    . . .        b - +0 scale mail
rPois   .            m - +0 helmet
rElec   .            s - +0 cloak
rCorr   .            (no gloves)
SInv    .            (no boots)
Will    .....        (no amulet) Stlth
                     i - ring of protection from cold
HPRegen 0.26/turn    (no ring)
MPRegen 0.09/turn

%: no passive effects
@: confused, slow
A: amphibious, slowness 1, strong legs 1, +LOS
a: Hop


You were on level 3 of the Dungeon.
You visited 1 branch of the dungeon, and saw 3 of its levels.

You collected 140 gold pieces.

Inventory:

Hand Weapons
 a - a +0 long sword
 p - the +1 great sword of Itauchek (weapon) {pain, Contam rF++ Str+2 Dex+3}
   (You found it on level 2 of the Dungeon)

   Str:       It affects your strength (+2).
   Dex:       It affects your dexterity (+3).
   rF:        It greatly protects you from fire.
   Contam:    It causes magical contamination when unequipped.
Armour
 b - a +0 scale mail (worn)
 c - a +0 buckler
 m - a +0 helmet (worn)
 s - a +0 cloak (worn)
Jewellery
 i - a ring of protection from cold (left hand)
Wands
 n - a wand of flame (21)
Scrolls
 e - 3 scrolls of identify {unknown}
 f - a scroll of blinking {unknown}
 j - 2 scrolls of teleportation {unknown}
 l - a scroll of silence {unknown}
 o - a scroll of magic mapping {unknown}
 q - a scroll of vulnerability {unknown}
Potions
 d - 2 potions of might
 g - a potion of mutation {unknown}
 h - a potion of curing {unknown}
 k - a potion of heal wounds {unknown}
 r - a potion of degeneration {unknown}


   Skills:
 * Level 5.0 Fighting
 * Level 4.2 Long Blades
 - Level 3.6 Armour
 + Level 3.7 Shields


You had 3 spell levels left.
You didn't know any spells.
Your spell library contained the following spells:

 Spells                   Type           Power      Damage    Failure   Level
 Sting                    Tmut/Pois      0%         1d3       75%         1
 Poisonous Vapours        Pois/Air       0%         N/A       87%         2
 Olgreb's Toxic Radiance  Pois           0%         N/A       100%        4


Dungeon Overview and Level Annotations

Branches:
Dungeon (3/15)

Altars:


Innate Abilities, Weirdness & Mutations

You are amphibious.
You cover ground slowly.
You can hop short distances.
You have an extended range of vision and can be seen from far away.


Message History

The orc barely misses you. The frilled lizard barely misses you.
Something hits you.
You bump into the rock wall.
The frilled lizard barely misses you. The orc barely misses you.
Something hits you.
You closely miss the orc.
The frilled lizard bites you but does no damage.
Something hits you. The orc barely misses you.
You closely miss the orc.
You feel less confused. Something hits you. The orc closely misses you.
The frilled lizard barely misses you.
The frilled lizard bites you but does no damage.
The orc hits you but does no damage. Something hits you but does no damage.
You closely miss something. The orc hits you but does no damage.
Something hits you.
The frilled lizard bites you but does no damage.
You closely miss something. The orc completely misses you.
You hear some strange, mumbled words.
You are confused.
The frilled lizard bites you but does no damage.
The orc closely misses you. Something hits you but does no damage.
The frilled lizard bites you but does no damage.
You barely miss the frilled lizard.
You hear some strange, mumbled words.
A magic dart appears from out of thin air!
The magic dart hits you! The frilled lizard barely misses you.
The orc hits you with a +0 whip.
You miss the frilled lizard.
You hear some strange, mumbled words.
A magic dart appears from out of thin air!
The magic dart hits you.
* * * LOW HITPOINT WARNING * * *
The orc hits you with a +0 whip.
* * * LOW HITPOINT WARNING * * *
The frilled lizard bites you.
* * * LOW HITPOINT WARNING * * *
You hear some strange, mumbled words.
A magic dart appears from out of thin air!
The magic dart hits you!
You die...

#)........# #.#######.#
#.# #.# ###.# #.. #.†.#
#.. ########.#.# #.. ..
.........#.# .##....
##########.#######.......
#......@{o......
####...ol.......
#.#.#.######.# ........#
#.##.#.#..# # ##...#.#
#.# .# #.# .# ..# .#


You could see 2 orcs and a frilled lizard.

Vanquished Creatures
  Crazy Yiuf (D:2)
  Jessica (D:2)
  An adder (D:2)
  A dart slug (D:2)
  4 ball pythons
  5 endoplasms
  3 giant cockroaches
  2 goblins (D:2)
  2 hobgoblins
  2 quokkas (D:2)
  4 bats
  3 frilled lizards
  6 kobolds
  6 rats (D:1)
41 creatures vanquished.

Notes
Turn   | Place    | Note
-------+----------+-------------------------------------------
     0 | D:1      | Edyrem the Barachi Fighter began the quest for the Orb.
     0 | D:1      | Reached XP level 1. HP: 18/18 MP: 1/1
   107 | D:1      | Reached skill level 4 in Fighting
   107 | D:1      | Reached XP level 2. HP: 20/25 MP: 2/2
   778 | D:2      | Reached XP level 3. HP: 30/30 MP: 3/3
   979 | D:2      | Noticed Jessica
   985 | D:2      | Killed Jessica
   986 | D:2      | Reached XP level 4. HP: 30/38 MP: 4/4
  1063 | D:2      | Identified the +1 great sword of Itauchek {pain, Contam
                  | rF++ Str+2 Dex+3}
  1498 | D:2      | Found a runed translucent door.
  1499 | D:2      | Noticed Crazy Yiuf
  1505 | D:2      | Killed Crazy Yiuf
  1506 | D:2      | Reached skill level 5 in Fighting
  1633 | D:3      | Killed from afar by an orc wizard

Illustrated notes

Levels and vault maps discovered:
D:1:      onia_arrival_handbag, layout_loops_ring, minmay_misc_feat_nine_boxes,
          minmay_misc_feat_roman
D:2:      layout_loops_ring, uniq_jessica, uniq_crazy_yiuf_cottage
D:3:      layout_loops_ring, nicolae_uskayaw_murder_on_the_dancefloor,
          cheibrodos_sewer_entry_drain, serial_glass, glass_columns_c,
          glass_columns_b

Skill      XL: |  1  2  3  4 |
---------------+-------------+-----
Fighting       | 4 5 |  5.0
Long Blades    | 3 4 |  4.2
Armour         | |  3.6
Shields        | |  3.7

Action                     |  1- 3 |  4- 6 || total
---------------------------+-------+-------++-------
  Melee: Long sword        |    83 |     7 ||    90
         Great sword       |       |    29 ||    29
Ability: Hop               |       |     1 ||     1
 Armour: Scale mail        |    32 |    28 ||    60
  Dodge: Dodged            |    49 |    30 ||    79
  Block: Buckler           |    20 |     4 ||    24
